 Dungeon Crawl Stone Soup version 0.29.1-2-gbd0b4ee654 (webtiles) character file.

Game seed: 17275481816129117646

4257 GorkyZ the Covered (level 10, 0/61 HPs)
             Began as a Gargoyle Fighter on Nov 25, 2022.
             Was an Initiate of Gozag.
             Slain by a gnoll
             ... wielding a +0 halberd
             ... led by a gnoll sergeant
              (9 damage)
             ... on level 9 of the Dungeon.
             The game lasted 00:38:31 (9546 turns).

GorkyZ the Covered (Gargoyle Fighter)               Turns: 9546, Time: 00:38:33

Health: 0/61       AC: 24    Str: 23    XL:     10   Next: 31%
Magic:  10/10      EV:  5    Int: 14    God:    Gozag
Gold:   757        SH:  0    Dex: 15    Spells: 9/9 levels left

rFire   + + .      SeeInvis +   o - +2 broad axe (freeze)
rCold   . . .      Faith    .   c - +0 buckler
rNeg    + . .      Spirit   .   k - +1 chain mail
rPois   ∞          Reflect  +   i - +3 helmet of the Alphagorgon {Contam +Blink rF++ Int+4}
rElec   +          Harm     .   (no cloak)
rCorr   .          Rampage  .   (no gloves)
Will    .....                   C - +0 pair of boots
Stlth   ..........              w - amulet of reflection
HPRegen 0.20/turn               g - +6 ring of dexterity
MPRegen 0.12/turn               N - ring of see invisible

@: held
A: sickness immunity, AC +7, negative energy resistance 1, electricity
resistance, torment resistance 1, petrification resistance
a: Renounce Religion, Evoke Blink, Potion Petition, Call Merchant, Bribe Branch


You were on level 9 of the Dungeon.
You worshipped Gozag.
Gozag was pleased with you.
You visited 2 branches of the dungeon, and saw 10 of its levels.
You also visited: Ossuary.

You collected 976 gold pieces.
You paid 219 gold pieces to Gozag.

Inventory:

Hand Weapons
 a - a +1 war axe
 o - a +2 broad axe of freezing (weapon)
 q - a +0 lajatang
 s - a +0 hand axe of freezing
 z - the +6 falchion of Checkmate {vorpal, Fragile rC++ Str+4 Int+2}
   (You found it on level 6 of the Dungeon)

   It inflicts extra damage upon your enemies.
   Str:       It affects your strength (+4).
   Int:       It affects your intelligence (+2).
   rC:        It greatly protects you from cold.
   Fragile:   It will be destroyed if unequipped.
 A - a +0 battleaxe
 F - the +3 rapier "Doublasm" {vorpal, Str+3 Dex+3}
   (You took it off a gnoll on level 7 of the Dungeon)

   It inflicts extra damage upon your enemies.
   Str:       It affects your strength (+3).
   Dex:       It affects your dexterity (+3).
Missiles
 r - 34 poisoned darts (quivered)
 B - 7 boomerangs
 K - a curare-tipped dart
Armour
 b - a +0 scale mail
 c - a +0 buckler (worn)
 i - the +3 helmet of the Alphagorgon (worn) {Contam +Blink rF++ Int+4}
   (You took it off Robin on level 4 of the Dungeon)

   Int:       It affects your intelligence (+4).
   rF:        It greatly protects you from fire.
   +Blink:    It lets you blink.
   Contam:    It causes magical contamination when unequipped.
 k - a +1 chain mail (worn)
 C - a +0 pair of boots (worn)
 M - a +0 helmet
Jewellery
 g - a +6 ring of dexterity (left hand)
 t - a ring of magical power
 w - an amulet of reflection (around neck)
 x - an amulet of regeneration
 y - a ring of protection from fire
 N - a ring of see invisible (right hand)
Wands
 u - a wand of light (11)
 G - a wand of polymorph (9)
Scrolls
 f - 2 scrolls of blinking
 j - 7 scrolls of teleportation
 l - a scroll of identify
 D - a scroll of fear
 I - 3 scrolls of enchant armour
Potions
 d - 3 potions of might
 e - 2 potions of brilliance
 h - 2 potions of degeneration
 m - 4 potions of flight
 n - 3 potions of lignification
 p - 2 potions of cancellation
 v - a potion of haste {unknown}
 H - a potion of invisibility {unknown}


   Skills:
 + Level 6.9 Fighting
 + Level 5.4 Axes
 + Level 4.8 Throwing
 + Level 6.9 Armour
 + Level 4.4 Dodging
 + Level 6.8 Shields
 + Level 4.9 Evocations


You had 9 spell levels left.
You didn't know any spells.
Your spell library contained the following spells:

 Spells                   Type           Power      Damage    Failure   Level
 Ensorcelled Hibernation  Hex/Ice        0%         N/A       98%         2
 Passwall                 Tmut/Erth      0%         N/A       98%         2
 Gell's Gravitas          Tloc           0%         N/A       100%        3
 Lesser Beckoning         Tloc           0%         N/A       100%        3
 Swiftness                Air            0%         N/A       100%        3
 Teleport Other           Tloc           0%         N/A       100%        3
 Petrify                  Tmut/Erth      0%         N/A       100%        4
 Irradiate                Conj/Tmut      0%         3d11      100%        5
 Summon Forest            Summ/Tloc      0%         N/A       100%        5
 Eringya's Noxious Bog    Tmut/Pois      0%         N/A       100%        6
 Summon Hydra             Summ           0%         N/A       100%        7
 Sublimation of Blood     Necr           Unusable   N/A       N/A         2

Dungeon Overview and Level Annotations

Branches:
Dungeon (9/15)             Temple (1/1) D:7         Ossuary (visited)
   Lair: D:8-11         Orc: D:9-12

Altars:
Ashenzari
Cheibriados
Dithmenos
Elyvilon
Gozag
Hepliaklqana
Kikubaaqudgha
Makhleb
Nemelex Xobeh
Okawaru
Qazlal
Ru
Sif Muna
Trog
Uskayaw
Vehumet
Wu Jian
Xom
Yredelemnul
Zin
The Shining One

Shops:
D:5 (

Annotations:
D:5 2 transporters, Voldus's ghost, novice OgBe


Innate Abilities, Weirdness & Mutations

You are immune to sickness and miasma.
Your stone body is resilient. (AC +7)
You are immune to poison.
You resist negative energy. (rN+)
You are resistant to electric shocks. (rElec)
You are resistant to unholy torment.
You are immune to petrification.


Message History

You are too injured to fight recklessly!
Unknown command.
You are too injured to fight recklessly!
You slash the killer bee! You freeze the killer bee.
The killer bee is heavily wounded.
The gnoll is no longer distracted by gold.
You block the killer bee's attack. x2; The gnoll barely misses you. x2
You block the killer bee's attack.
The gnoll is distracted by your dazzling golden aura.
The gnoll hits you from afar with a +0 spear.
You miss the killer bee.
The killer bee is heavily wounded.
You block the killer bee's attack. x2
The gnoll hits you from afar with a +0 spear!
You block the killer bee's attack.
You closely miss the killer bee.
The killer bee is heavily wounded.
You block the killer bee's attack. The gnoll barely misses you.
The killer bee stings you but does no damage.
The killer bee stings you but does no damage.
The killer bee stings you.
Things that are here:
6 gold pieces; a +0 spear You closely miss the killer bee.
The killer bee is heavily wounded.
The gnoll is no longer distracted by gold.
You block the killer bee's attack. The killer bee stings you.
* * * LOW HITPOINT WARNING * * *
The gnoll throws a throwing net.
The throwing net hits you.
You become entangled in the net!
The killer bee stings you but does no damage.
The gnoll hits you but does no damage.
You tear a large gash into the net.
The killer bee stings you but does no damage.
The killer bee stings you.
* * * LOW HITPOINT WARNING * * *
The gnoll hits you but does no damage.
The gnoll hits you from afar with a +0 halberd!
You die...
Your body crumbles into a pile of gold.

#..$. ..#
#...###..#
####..>?...#.#
######...$$.....#.#
#...............#.#
#...........#####.#
#......$....g.#...#
#..........g#.#...#
#..........[y@....#
#...........###.[.#
#.......).).# #...#
#..........## #.$.#
#..........# #..##
#..........# ####
#..........#
#..........#
#..........#


You could see a killer bee and 2 gnolls.

Vanquished Creatures
  Eustachio (D:6)
  A wraith (D:8)
  A wyvern (D:8)
  A steam dragon (D:6)
  2 water moccasins
  An orc warrior (D:7)
  A sky beast (D:6)
  2 black bears
  An ice beast (D:6)
  3 ogres (D:6)
  6 centaurs
  3 kobold brigands
  Blork the orc (D:6)
  2 bullfrogs
  A gnoll sergeant (D:9)
  A necrophage (D:7)
  A scorpion (D:7)
  5 wights
  7 howler monkeys
  A vampire bat (D:5)
  3 hounds
  3 jellies
  4 orc priests
  2 gnoll boudas (D:7)
  An iron imp (D:4)
  3 iguanas
  7 orc wizards
  Terence (D:2)
  9 mummies
  Robin (D:4)
  12 gnolls
  5 adders
  3 white imps
  An ufetubus (D:5)
  A worm (D:2)
  2 dart slugs
  36 orcs
  4 bat skeletons (D:5)
  A bat zombie (D:5)
  6 endoplasms
  5 giant cockroaches
  2 gnoll zombies (Ossuary)
  12 goblins
  14 hobgoblins
  2 jackals (D:1)
  15 kobolds
  2 quokkas
  9 ball pythons
  7 bats
  5 frilled lizards
  A hobgoblin zombie (Ossuary)
  3 kobold zombies (Ossuary)
  2 orc zombies (Ossuary)
  5 rats
231 creatures vanquished.

Vanquished Creatures (others)
  An orc wizard (D:7)
  An orc (D:6)
  A plant (D:6)
3 creatures vanquished.

Grand Total: 234 creatures vanquished

Notes
Turn   | Place    | Note
-------+----------+-------------------------------------------
     0 | D:1      | GorkyZ the Gargoyle Fighter began the quest for the Orb.
     0 | D:1      | Reached XP level 1. HP: 14/14 MP: 1/1
    88 | D:1      | Reached XP level 2. HP: 15/19 MP: 2/2
   375 | D:1      | Reached XP level 3. HP: 21/23 MP: 3/3
   750 | D:1      | Reached skill level 1 in Evocations
  1076 | D:2      | Reached skill level 1 in Throwing
  1254 | D:2      | Reached XP level 4. HP: 26/28 MP: 4/4
  1514 | D:2      | Noticed Terence
  1522 | D:2      | Killed Terence
  1576 | D:2      | Reached skill level 1 in Dodging
  2212 | D:3      | Found a shimmering altar of Xom.
  2212 | D:3      | Found a glowing silver altar of Zin.
  2212 | D:3      | Noticed an angel
  2804 | D:4      | Reached XP level 5. HP: 33/33 MP: 5/5
  2854 | D:4      | Noticed a water moccasin
  2875 | D:4      | Killed a water moccasin
  2876 | D:4      | Reached XP level 6. HP: 13/38 MP: 6/6
  3241 | D:4      | Found a sand-covered staircase.
  3252 | Ossuary  | Entered an ossuary
  3878 | D:4      | Found a hide-covered altar of Uskayaw.
  3916 | D:4      | Reached XP level 7. HP: 26/44 MP: 7/7
  4047 | D:4      | Found a radiant altar of Vehumet.
  4119 | D:4      | Identified the +3 helmet of the Alphagorgon {Contam +Blink
                  | rF++ Int+4}
  4119 | D:4      | Noticed Robin
  4131 | D:4      | Killed Robin
  4203 | D:4      | Found a snail-covered altar of Cheibriados.
  4360 | D:5      | Entered Level 5 of the Dungeon
  4370 | D:5      | Found Apnuofun's Weapon Shop.
  4444 | D:5      | Noticed Voldus's ghost (novice OgBe)
  4447 | D:5      | Found a transporter.
  4976 | D:5      | Found a transporter.
  5087 | D:5      | Found an ancient bone altar of Kikubaaqudgha.
  5553 | D:6      | Reached XP level 8. HP: 48/48 MP: 8/8
  5666 | D:6      | Reached skill level 5 in Fighting
  5697 | D:6      | Reached skill level 5 in Armour
  5697 | D:6      | Reached skill level 5 in Shields
  5717 | D:6      | Identified the +6 falchion of Checkmate {vorpal, Fragile
                  | rC++ Str+4 Int+2}
  5837 | D:6      | Noticed Blork the orc
  5844 | D:6      | Killed Blork the orc
  5918 | D:6      | Noticed Eustachio
  5937 | D:6      | Killed Eustachio
  6654 | D:6      | Reached XP level 9. HP: 54/55 MP: 9/9
  6695 | D:6      | Found a faded altar of an unknown god.
  6699 | D:6      | Found a hazy altar of Hepliaklqana.
  6703 | D:6      | Found a faded altar of an unknown god.
  7900 | D:7      | Identified the +3 rapier "Doublasm" {vorpal, Str+3 Dex+3}
  8226 | D:7      | Found a burning altar of Makhleb.
  8228 | D:7      | Noticed a balrug
  8232 | D:7      | Noticed an orange demon
  8365 | D:7      | Found a staircase to the Ecumenical Temple.
  8374 | Temple   | Entered the Ecumenical Temple
  8418 | Temple   | Became a worshipper of Gozag Ym Sagoz the Greedy
  8734 | D:8      | Reached skill level 5 in Axes
  8813 | D:8      | Reached XP level 10. HP: 52/61 MP: 10/10
  9071 | D:8      | Identified the +1 robe of Feral Beauty {SInv Stlth+}
  9355 | D:8      | Identified a scroll of acquirement
  9355 | D:8      | Acquired a +2 broad axe of flaming
  9546 | D:9      | Slain by a gnoll

Illustrated notes

Levels and vault maps discovered:
D:1:      grunt_arrival_lava_bath, layout_basic, serial_glass, glass_columns_b,
          glass_columns_a, glass_columns_b, glass_columns_a, glass_columns_a,
          kennysheep_nondescript
D:2:      layout_basic, st_stairs_8, uniq_terence
D:3:      layout_basic, grunt_temple_overflow_order_and_chaos_1, minivault_24
D:4:      layout_rooms, fiery_altar_vehumet, mainiacjoe_overflow_boulevard,
          slow_altar_2, gup_ossuary_entry_pyramid, uniq_robin
D:5:      layout_cave_pods, kennysheep_vampire_church, serial_shops, shop,
          gammafunk_ghost_arena, lemuel_flamethrower_2
D:6:      layout_gridville, nicolae_hepliaklqana_ecumenical_no_more,
          minmay_misc_feat_enclosed, uniq_eustachio, uniq_blork_the_orc
D:7:      hellmonk_destroyed_diamonds, layout_loops_cross,
          makhleb_altar_promises_db, minmay_temple_entry_grid,
          minmay_strange_pillars, minmay_chambers_of_fives
D:8:      layout_cave_pools
D:9:      layout_basic, marbit_many_paths, orc_david_3, minmay_circle_x
Temple:   nicolae_temple_god_jail

Skill      XL: |  1  2  3  4  5  6  7  8  9 |
---------------+----------------------------+-----
Axes           | 2 3 4 5 |  5.4
Evocations     | 1 2 3 4 |  4.9
Throwing       | 1 2 3 4 |  4.8
Dodging        | 1 2 3 4 |  4.4
Fighting       | 4 5 6 |  6.9
Armour         | 4 5 6 |  6.9
Shields        | 4 5 6 |  6.8

Action                   |  1- 3 |  4- 6 |  7- 9 | 10-12 || total
-------------------------+-------+-------+-------+-------++-------
Melee: War axe           |    82 |   177 |   438 |    26 ||   723
       Broad axe         |       |       |       |    45 ||    45
Throw: Dart              |       |       |     8 |     3 ||    11
  Use: Scroll            |       |    14 |     3 |     4 ||    21
       Potion            |       |     2 |     6 |     1 ||     9
 Stab: Distracted        |       |       |       |     1 ||     1
Armor: Scale mail        |    11 |       |       |       ||    11
       Chain mail        |    21 |   104 |   379 |    74 ||   578
       Skin              |       |       |    10 |       ||    10
Dodge: Dodged            |    38 |    75 |   242 |    52 ||   407
Block: Buckler           |    19 |    79 |   358 |    80 ||   536
       Reflection        |       |       |     7 |     7 ||    14
